TOP OF THE 1ST |
---|
Arizona State Sun Devils batting - Pitching for Southern California Trojans : RHP Micheal Farr | Pitching: RHP Micheal Farr | | Batting: RHB Tim Oliver | 0-0: Ball 1-0: Ground out 5-3 (Groundball, 5L) | Batting: LHB Juan Guzmán | 0-0: Ball 1-0: Ball 2-0: Ball 3-0: Base on Balls | Batting: SHB Leonardo González | 0-0: Ball 1-0: Foul Ball, location: 2F 1-1: Fly out, F8 (Flyball, 8LM) | Batting: SHB Doyle Goodwin | 0-0: Ball 1-0: Ball 2-0: Called Strike 2-1: SINGLE (Line Drive, 89S) Juan Guzmán to second | Batting: SHB Paul Davenport | 0-0: Ball 1-0: Ball 2-0: SINGLE (Groundball, 4MD) Juan Guzmán to third Doyle Goodwin to second Runner from 3rd tries for Home, SAFE, throw made home | Batting: RHB Gil Gardner | 0-0: Ball 1-0: Swinging Strike 1-1: Fly out, F9 (Flyball, 9S) | Top of the 1st over - 1 run, 2 hits, 0 errors, 2 left on base; Arizona State 1 - Southern California 0 | BOTTOM OF THE 1ST |
---|
Southern California Trojans batting - Pitching for Arizona State Sun Devils : LHP Mike Drake | Pitching: LHP Mike Drake | | Batting: RHB Chris Bennett | 0-0: Ground out 4-3 (Groundball, 4) | Batting: RHB Keith Jewell | 0-0: Swinging Strike 0-1: Ball 1-1: Ball 2-1: Called Strike 2-2: Ball 3-2: Strikes out swinging | Batting: RHB Ben Martínez | 0-0: Foul Ball, location: 2F 0-1: Called Strike 0-2: Ball 1-2: Strikes out swinging | Bottom of the 1st over - 0 runs, 0 hits, 0 errors, 0 left on base; Arizona State 1 - Southern California 0 | TOP OF THE 2ND |
---|
Arizona State Sun Devils batting - Pitching for Southern California Trojans : RHP Micheal Farr | Batting: LHB José Serrano | 0-0: Ball 1-0: Ball 2-0: Called Strike 2-1: Fly out, F3 (Popup, 3S) | Batting: LHB Werner Fisher | 0-0: Ball 1-0: Called Strike 1-1: Called Strike 1-2: Ball 2-2: Foul Ball, location: 2F 2-2: Strikes out swinging | Batting: LHB Christian Lindsey | 0-0: Called Strike 0-1: Swinging Strike 0-2: Ball 1-2: Strikes out swinging | Top of the 2nd over - 0 runs, 0 hits, 0 errors, 0 left on base; Arizona State 1 - Southern California 0 | BOTTOM OF THE 2ND |
---|
Southern California Trojans batting - Pitching for Arizona State Sun Devils : LHP Mike Drake | Batting: RHB Homer Griffin | 0-0: Ball 1-0: Called Strike 1-1: SINGLE (Groundball, 34D) | Batting: LHB Carl Hodge | 0-0: Called Strike 0-1: Ball 1-1: Foul Ball, location: 2F 1-2: Ball 2-2: Ball 3-2: Foul Ball, location: 2F 3-2: Base on Balls Homer Griffin to second | Batting: SHB Will O'Clerkin | 0-0: Called Strike 0-1: Grounds into double play, 4-6-3 (Groundball, 4) Homer Griffin to third | Batting: RHB Aaron González | 0-0: Fly out, F9 (Line Drive, 89M) | Bottom of the 2nd over - 0 runs, 1 hit, 0 errors, 1 left on base; Arizona State 1 - Southern California 0 | TOP OF THE 3RD |
---|
Arizona State Sun Devils batting - Pitching for Southern California Trojans : RHP Micheal Farr | Batting: RHB Tim Oliver | 0-0: Foul Ball, location: 2F 0-1: Swinging Strike 0-2: Strikes out swinging | Batting: LHB Juan Guzmán | 0-0: Ball 1-0: Ball 2-0: Ball 3-0: Called Strike 3-1: Swinging Strike 3-2: Ground out 5-3 (Groundball, 56S) | Batting: SHB Leonardo González | 0-0: Foul Ball, location: 2F 0-1: Fly out, F8 (Flyball, 8RD) | Top of the 3rd over - 0 runs, 0 hits, 0 errors, 0 left on base; Arizona State 1 - Southern California 0 | BOTTOM OF THE 3RD |
---|
Southern California Trojans batting - Pitching for Arizona State Sun Devils : LHP Mike Drake | Batting: RHB Fletcher López | 0-0: Called Strike 0-1: Called Strike 0-2: Strikes out looking | Batting: RHB Greg Burnett | 0-0: Ball 1-0: Foul Ball, location: 2F 1-1: Ground out 5-3 (Groundball, 56) | Batting: RHB Chris Bennett | 0-0: Ball 1-0: Ball 2-0: SOLO HOME RUN (Flyball, 9D), Distance : 346 ft | Batting: RHB Keith Jewell | 0-0: Foul Ball, location: 2F 0-1: Foul Ball, location: 2F 0-2: Strikes out looking | Bottom of the 3rd over - 1 run, 1 hit, 0 errors, 0 left on base; Arizona State 1 - Southern California 1 | TOP OF THE 4TH |
---|
Arizona State Sun Devils batting - Pitching for Southern California Trojans : RHP Micheal Farr | Batting: SHB Doyle Goodwin | 0-0: Called Strike 0-1: Called Strike 0-2: Strikes out looking | Batting: SHB Paul Davenport | 0-0: Ball 1-0: SINGLE (Flyball, 9S) | Batting: RHB Gil Gardner | 0-0: Ball 1-0: Foul Ball, location: 2F 1-1: Foul Ball, location: 2F 1-2: Ball 2-2: Strikes out swinging | Batting: LHB José Serrano | 0-0: Fly out, F7 (Flyball, 7S) | Top of the 4th over - 0 runs, 1 hit, 0 errors, 1 left on base; Arizona State 1 - Southern California 1 | BOTTOM OF THE 4TH |
---|
Southern California Trojans batting - Pitching for Arizona State Sun Devils : LHP Mike Drake | Batting: RHB Ben Martínez | 0-0: Called Strike 0-1: Ball 1-1: Foul Ball, location: 2F 1-2: Ball 2-2: Ball 3-2: Base on Balls | Batting: RHB Homer Griffin | 0-0: Ball 1-0: Called Strike 1-1: Ball 2-1: Ground out 6-3 (Groundball, 6S) Ben Martínez to second | Batting: LHB Carl Hodge | 0-0: Foul Ball, location: 2F 0-1: Ball 1-1: Called Strike Ben Martínez steals 3rd base 1-2: Strikes out swinging | Batting: SHB Will O'Clerkin | 0-0: Called Strike 0-1: Called Strike 0-2: Foul Ball, location: 2F 0-2: Ball 1-2: Ball 2-2: Strikes out swinging | Bottom of the 4th over - 0 runs, 0 hits, 0 errors, 1 left on base; Arizona State 1 - Southern California 1 | TOP OF THE 5TH |
---|
Arizona State Sun Devils batting - Pitching for Southern California Trojans : RHP Micheal Farr | Batting: LHB Werner Fisher | 0-0: Swinging Strike 0-1: Ball 1-1: Called Strike 1-2: Ball 2-2: Strikes out swinging | Batting: LHB Christian Lindsey | 0-0: Swinging Strike 0-1: SINGLE (Flyball, 7LM) | Batting: RHB Tim Oliver | 0-0: Ball 1-0: Ball 2-0: Ball 3-0: Base on Balls Christian Lindsey to second | Batting: LHB Juan Guzmán | 0-0: Fly out, F9 (Flyball, 9) | Batting: SHB Leonardo González | 0-0: Ball 1-0: Ball 2-0: 3-RUN HOME RUN (Flyball, 9D), Distance : 359 ft | Batting: SHB Doyle Goodwin | 0-0: Ball 1-0: Called Strike 1-1: Foul Ball, location: 2F 1-2: Strikes out looking | Top of the 5th over - 3 runs, 2 hits, 0 errors, 0 left on base; Arizona State 4 - Southern California 1 | BOTTOM OF THE 5TH |
---|
Southern California Trojans batting - Pitching for Arizona State Sun Devils : LHP Mike Drake | Batting: RHB Aaron González | 0-0: Ball 1-0: Swinging Strike 1-1: Ball 2-1: Ball 3-1: Called Strike 3-2: Base on Balls | Batting: RHB Fletcher López | 0-0: Ball Aaron González steals 2nd base 1-0: Ball 2-0: Called Strike 2-1: Ground out 5-3 (Groundball, 5L) | Batting: RHB Greg Burnett | 0-0: Fly out, F8 (Flyball, 8LD) | Batting: RHB Chris Bennett | 0-0: Called Strike 0-1: Ball 1-1: Called Strike 1-2: Strikes out looking | Bottom of the 5th over - 0 runs, 0 hits, 0 errors, 1 left on base; Arizona State 4 - Southern California 1 | TOP OF THE 6TH |
---|
Arizona State Sun Devils batting - Pitching for Southern California Trojans : RHP Micheal Farr | Batting: SHB Paul Davenport | 0-0: Called Strike 0-1: SINGLE (Line Drive, 8RS) | Batting: RHB Gil Gardner | 0-0: 2-RUN HOME RUN (Flyball, 7D), Distance : 359 ft | Pitching: RHP Roberto Montoya | | Batting: LHB José Serrano | 0-0: SINGLE (Groundball, 4MD) | Batting: LHB Werner Fisher | 0-0: Ball 1-0: Reached on error, E6 (Line Drive, 6M) José Serrano to second | Batting: LHB Christian Lindsey | 0-0: Ball 1-0: SINGLE (Line Drive, 9) José Serrano to third Werner Fisher to second Runner from 3rd tries for Home, SAFE, no throw | Batting: RHB Tim Oliver | 0-0: Called Strike 0-1: SINGLE (Groundball, 6D) Werner Fisher to third Christian Lindsey to second Runner from 3rd tries for Home, SAFE, no throw | Batting: LHB Juan Guzmán | 0-0: Fly out, F8 (Line Drive, 78D) | Batting: SHB Leonardo González | 0-0: Called Strike 0-1: Foul Ball, location: 2F 0-2: Foul Ball, location: 2F 0-2: SINGLE (Groundball, 34D) Christian Lindsey to third Tim Oliver to second Runner from 3rd tries for Home, throw and OUT! Tim Oliver to third Leonardo González to second | Batting: SHB Doyle Goodwin | 0-0: Ball 1-0: Called Strike 1-1: Ground out 3-1 (Groundball, 34) | Top of the 6th over - 4 runs, 6 hits, 1 error, 2 left on base; Arizona State 8 - Southern California 1 | BOTTOM OF THE 6TH |
---|
Southern California Trojans batting - Pitching for Arizona State Sun Devils : LHP Mike Drake | Batting: RHB Keith Jewell | 0-0: Foul Ball, location: 2F 0-1: Ball 1-1: Foul Ball, location: 2F 1-2: Ball 2-2: Foul Ball, location: 2F 2-2: Ball 3-2: Base on Balls | Batting: RHB Ben Martínez | 0-0: Foul Ball, location: 2F 0-1: Foul Ball, location: 2F 0-2: Foul Ball, location: 2F 0-2: Foul Ball, location: 2F 0-2: Ball 1-2: Fielders Choice at 2nd, 3-6 (Groundball, 3) | Pitching: RHP Carl Richter | | Batting: RHB Homer Griffin | 0-0: Foul Ball, location: 2F 0-1: Swinging Strike 0-2: Ball 1-2: Grounds into double play, 6-4-3 (Groundball, 6) | Bottom of the 6th over - 0 runs, 0 hits, 0 errors, 0 left on base; Arizona State 8 - Southern California 1 | TOP OF THE 7TH |
---|
Arizona State Sun Devils batting - Pitching for Southern California Trojans : RHP Roberto Montoya | Batting: SHB Paul Davenport | 0-0: Ball 1-0: Ball 2-0: Ball 3-0: Called Strike 3-1: Base on Balls | Batting: RHB Gil Gardner | 0-0: Ball 1-0: Foul Ball, location: 2F 1-1: DOUBLE (Line Drive, 8LXD) Paul Davenport to third | Batting: LHB José Serrano | 0-0: Swinging Strike 0-1: Foul Ball, location: 2F 0-2: Ball 1-2: Strikes out looking | Batting: LHB Werner Fisher | 0-0: Called Strike 0-1: TRIPLE (Flyball, 78D) Paul Davenport scores Gil Gardner scores | Batting: LHB Christian Lindsey | 0-0: Ball 1-0: Fly out, F9 (Line Drive, 9) Runner from 3rd tags up, OUT at HOME | Top of the 7th over - 2 runs, 2 hits, 0 errors, 0 left on base; Arizona State 10 - Southern California 1 | BOTTOM OF THE 7TH |
---|
Southern California Trojans batting - Pitching for Arizona State Sun Devils : RHP Carl Richter | Batting: LHB Carl Hodge | 0-0: Ball 1-0: Swinging Strike 1-1: Ball 2-1: Ball 3-1: Base on Balls | Batting: SHB Will O'Clerkin | 0-0: Ball 1-0: Ball 2-0: Foul Ball, location: 2F 2-1: Swinging Strike 2-2: Foul Ball, location: 2F 2-2: Ball 3-2: Foul Ball, location: 2F 3-2: Base on Balls Carl Hodge to second | Batting: RHB Aaron González | 0-0: Called Strike 0-1: Foul Ball, location: 2F 0-2: Strikes out looking | Batting: RHB Fletcher López | 0-0: Swinging Strike 0-1: Swinging Strike 0-2: Strikes out looking | Batting: RHB Greg Burnett | 0-0: Ball 1-0: Called Strike 1-1: Swinging Strike 1-2: Strikes out looking | Bottom of the 7th over - 0 runs, 0 hits, 0 errors, 2 left on base; Arizona State 10 - Southern California 1 | TOP OF THE 8TH |
---|
Arizona State Sun Devils batting - Pitching for Southern California Trojans : RHP Roberto Montoya | Batting: RHB Tim Oliver | 0-0: Called Strike 0-1: SINGLE (Groundball, 34D) | Batting: LHB Juan Guzmán | 0-0: Called Strike Tim Oliver is caught stealing 2nd base 0-1: Ball 1-1: Ball 2-1: Ball 3-1: Base on Balls | Batting: SHB Leonardo González | 0-0: Ball 1-0: Called Strike 1-1: Foul Ball, location: 2F 1-2: Foul Ball, location: 2F 1-2: Foul Ball, location: 2F 1-2: DOUBLE (Line Drive, 9LM) Juan Guzmán to third | Batting: SHB Doyle Goodwin | 0-0: Fly out, F7 (Line Drive, 7) | Batting: SHB Paul Davenport | 0-0: Foul Ball, location: 2F 0-1: Ball 1-1: Ball 2-1: Ball 3-1: SINGLE (Groundball, 4MD) Juan Guzmán scores Leonardo González to third Runner from 3rd tries for Home, SAFE, throw made home Paul Davenport to second | Batting: RHB Gil Gardner | 0-0: Ball 1-0: Ball 2-0: 2-RUN HOME RUN (Line Drive, 9LD), Distance : 331 ft | Batting: LHB José Serrano | 0-0: Foul Ball, location: 2F 0-1: Called Strike 0-2: Ball 1-2: SINGLE (Line Drive, 56D) | Batting: LHB Werner Fisher | 0-0: Called Strike 0-1: Called Strike 0-2: Fly out, F8 (Flyball, 8LM) | Top of the 8th over - 4 runs, 5 hits, 0 errors, 1 left on base; Arizona State 14 - Southern California 1 | BOTTOM OF THE 8TH |
---|
Southern California Trojans batting - Pitching for Arizona State Sun Devils : RHP Carl Richter | Now at C: Arturo Ruíz | | Pinch Hitting: LHB Dan Clements | 0-0: Foul Ball, location: 2F 0-1: Called Strike 0-2: Ball 1-2: Foul Ball, location: 2F 1-2: Reached on error, E3 (Groundball, 34) | Batting: RHB Keith Jewell | 0-0: Ball 1-0: Foul Ball, location: 2F 1-1: Fly out, F1 (Line Drive, 15) | Batting: RHB Ben Martínez | 0-0: Foul Ball, location: 2F 0-1: Called Strike 0-2: SINGLE (Groundball, 56D) Dan Clements to second | Batting: RHB Homer Griffin | 0-0: Ball 1-0: Ball 2-0: Called Strike 2-1: Fly out, F9 (Flyball, 9S) | Pinch Hitting: RHB Max MacKieson | 0-0: Ball 1-0: Ball 2-0: Called Strike 2-1: Swinging Strike 2-2: SINGLE (Groundball, 56D) Dan Clements to third Ben Martínez to second Runner from 3rd tries for Home, throw and OUT! | Bottom of the 8th over - 0 runs, 2 hits, 1 error, 2 left on base; Arizona State 14 - Southern California 1 | TOP OF THE 9TH |
---|
Arizona State Sun Devils batting - Pitching for Southern California Trojans : RHP Roberto Montoya | Pitching: LHP Manuel Camacho | | Now at 1B: Gene Riddle | | Now in RF: Dan Clements | | Batting: LHB Christian Lindsey | 0-0: Called Strike 0-1: Called Strike 0-2: Ball 1-2: SINGLE (Flyball, 7S) | Batting: RHB Tim Oliver | 0-0: Called Strike 0-1: Ball 1-1: Foul Ball, location: 2F Pickoff Throw to First - Error! E1 Christian Lindsey to second 1-2: Ball 2-2: Ball 3-2: Foul Ball, location: 2F 3-2: Base on Balls | Batting: LHB Juan Guzmán | 0-0: Foul Ball, location: 2F 0-1: Ball 1-1: Called Strike 1-2: Ball 2-2: Foul Ball, location: 2F 2-2: Ball 3-2: Ground out U3 (Groundball, 3) Christian Lindsey to third Tim Oliver to second | Batting: SHB Leonardo González | 0-0: Called Strike 0-1: Swinging Strike 0-2: Ball 1-2: Ball 2-2: Ball 3-2: Foul Ball, location: 2F 3-2: Base on Balls | Batting: SHB Doyle Goodwin | 0-0: Called Strike 0-1: Ball 1-1: Swinging Strike 1-2: Ball 2-2: Ball 3-2: GRAND SLAM HOME RUN (Flyball, 7D), Distance : 347 ft | Batting: RHB Arturo Ruíz | 0-0: Called Strike 0-1: Ball 1-1: Fly out, F8 (Flyball, 8RM) | Batting: RHB Gil Gardner | 0-0: Ball 1-0: Ball 2-0: Foul Ball, location: 2F 2-1: Swinging Strike 2-2: Ball 3-2: Strikes out looking | Top of the 9th over - 4 runs, 2 hits, 1 error, 0 left on base; Arizona State 18 - Southern California 1 | BOTTOM OF THE 9TH |
---|
Southern California Trojans batting - Pitching for Arizona State Sun Devils : RHP Carl Richter | Batting: SHB Will O'Clerkin | 0-0: Called Strike 0-1: Foul Ball, location: 2F 0-2: Foul Ball, location: 2F 0-2: SINGLE (Groundball, 34) (infield hit) | Batting: RHB Aaron González | 0-0: Ball 1-0: Fly out, F4 (Popup, 4) | Batting: RHB Fletcher López | 0-0: Fly out, F7 (Line Drive, 7D) | Batting: RHB Greg Burnett | 0-0: Called Strike 0-1: Foul Ball, location: 2F 0-2: Ball 1-2: Fly out, F7 (Flyball, 7) | Bottom of the 9th over - 0 runs, 1 hit, 0 errors, 1 left on base; Arizona State 18 - Southern California 1 | |